 Dungeon Crawl Stone Soup version 0.30-a0-241-g1121274140 (webtiles) character file.

Game seed: 11077698489373526458

603 lunkers the Conjurer (level 8, 0/57 HPs)
             Began as a Meteoran Wanderer on Oct 11, 2022.
             Was an Initiate of Ashenzari.
             Slain by a vampire (6 damage)
             ... on level 4 of the Dungeon.
             The game lasted 00:07:16 (1432 turns).

lunkers the Conjurer (Meteoran Wanderer)            Turns: 1432, Time: 00:07:17

Health: 0/57       AC:  2    Str: 12    XL:     8   Next: 1%
Magic:  3/16       EV: 11    Int: 21    God:    Ashenzari [......]
Gold:   155        SH:  0    Dex: 10    Spells: 10/17 levels left

rFire   . . .      SeeInvis .    h - +2 war axe "I Foresaw This" {freeze, Bglg, Cun} (curse)
rCold   . . .      Faith    .    (no shield)
rNeg    . . .      Spirit   .    d - +0 robe
rPois   .          Reflect  .    (no helmet)
rElec   .          Harm     .    (no cloak)
rCorr   .          Rampage  .    (no gloves)
Will    +....                    (no boots)
Stlth   +.........               (no amulet)
HPRegen 0.29/turn                (no ring)
MPRegen 0.15/turn                (no ring)

@: glowing
A: sense surroundings 1, otherworldly, glowing, explore regen
a: Renounce Religion, Shatter the Chains


You were on level 4 of the Dungeon.
You worshipped Ashenzari.
Ashenzari was noncommittal.
You visited 1 branch of the dungeon, and saw 5 of its levels.

You collected 155 gold pieces.

Inventory:

Hand Weapons
 a - a +0 dagger
 h - the cursed +2 war axe "I Foresaw This" (weapon) {freeze, Bglg, Cun}
   (You found it on level 1 of the Dungeon)

   It freezes those it strikes, dealing additional cold damage.
   It can also slow down cold-blooded creatures.
   It has a curse which improves the following skills: Beguiling: Conjurations,
   Hexes and Translocations.
   Cunning:   Dodging and Stealth.
Missiles
 b - 22 poisoned darts (quivered)
 k - 4 atropa-tipped darts
Armour
 d - a +0 robe (worn)
Jewellery
 e - an amulet of guardian spirit
Wands
 l - a wand of light (5)
Scrolls
 c - 2 scrolls of blinking
 n - a scroll of teleportation
Potions
 f - a potion of flight {unknown}
 g - 2 potions of berserk rage
 i - 2 potions of haste
 j - 2 potions of curing
 m - a potion of degeneration {unknown}
 o - a potion of heal wounds {unknown}
 p - a potion of ambrosia {unknown}


   Skills:
 - Level 1.2 Throwing
 - Level 1.2 Armour
 - Level 1.0(1.2) Stealth
 + Level 5.3 Spellcasting
 * Level 7.5(8.0) Conjurations
 * Level 4.3(4.7) Hexes
 - Level 2.1 Necromancy


You had 10 spell levels left.
You knew the following spells:

 Your Spells              Type           Power      Damage    Failure   Level
a - Shock                 Conj/Air       88%        1d8       1%          1
c - Magic Dart            Conj           100%       1d8       1%          1
d - Fulminant Prism       Conj/Hex       16%        3d11      8%          4
p - Kiss of Death         Conj/Necr      100%       2d13      1%          1

Your spell library contained the following spells:

 Spells                   Type           Power      Damage    Failure   Level
 Vampiric Draining        Necr           14%        2d7       13%         3


Dungeon Overview and Level Annotations

Branches:
Dungeon (5/15) Zot: 1554
 Temple: D:4-7

Altars:
Ashenzari

Shops:
D:2 *


Innate Abilities, Weirdness & Mutations

You passively map a small area around you.
You are easily found by Zot.
You glow in the dark.
You regain HP and MP as you explore.


Message History

You closely miss the vampire.
The vampire is moderately damaged.
The vampire barely misses you. x2
You barely miss the vampire.
The vampire is moderately damaged.
The vampire gestures wildly while chanting.
The vampire flickers and vanishes!
Deactivating autopickup; reactivate with Ctrl-A.
Something hits you! Something bites you.
Something draws strength from your injuries!
An iguana comes into view.
A hound comes into view.
The hound barks!
An orc priest comes into view. It is wielding a +0 hand axe.
There is a stone staircase leading up here.
Something hits you. Something bites you!
Something draws strength from your injuries!
You climb upwards.
Reactivating autopickup.
There is a stone staircase leading down here.
Aiming: Bolt of Light
Press: ? - help, Shift-Dir - straight line The bolt of light hits something!
Something hits you!
* * * LOW HITPOINT WARNING * * *
Deactivating autopickup; reactivate with Ctrl-A.
Something bites you.
* * * LOW HITPOINT WARNING * * *
Something draws strength from your injuries!
Aiming: Bolt of Light
Press: ? - help, Shift-Dir - straight line The bolt of light hits something!
Something hits you.
* * * LOW HITPOINT WARNING * * *
Something bites you!
* * * LOW HITPOINT WARNING * * *
Something draws strength from your injuries!
Unknown command.
Unknown command.
Aiming: Bolt of Light
Press: ? - help, Shift-Dir - straight line The bolt of light hits something!
Something hits you.
You die...

#..........#
#)###...#### * , #)#
##......... , * #)#
##########* , , , *
#.###### * **
.)##...#################
...)..<................#
#.##)..##### *#{# **#.#
#.##..##########@# #.##
..##.............# #..#
#.##.###########.# #>.#
#....# #.#####..# ######
#........#* ####.###.#,
#.# ,... , #.., ....., ,
#### ......


There were no monsters in sight!

Vanquished Creatures
  An orc warrior (D:4)
  2 ogres (D:5)
  A hound (D:4)
  A gnoll bouda (D:4)
  An orc priest (D:4)
  An iguana (D:5)
  2 orc wizards (D:4)
  3 gnolls (D:4)
  6 adders
  A dart slug (D:5)
  A worm (D:3)
  14 orcs
  3 ball pythons
  7 bats
  5 endoplasms
  3 giant cockroaches
  10 goblins
  A hobgoblin (D:3)
  2 jackals (D:1)
  4 quokkas
  5 frilled lizards
  2 kobolds
  3 rats
79 creatures vanquished.

Vanquished Creatures (others)
  4 fulminant prisms (D:5)
4 creatures vanquished.

Grand Total: 83 creatures vanquished

Notes
Turn   | Place    | Note
-------+----------+-------------------------------------------
     0 | D:1      | lunkers the Meteoran Wanderer began the quest for the Orb.
     0 | D:1      | lunkers set off with the following items: a +0 dagger, 12
                  | poisoned darts, a scroll of blinking, a +0 robe; and the
                  | following spells available to memorise: Magic Dart, Kiss of
                  | Death, Shock, Vampiric Draining, Fulminant Prism.
     0 | D:1      | Reached XP level 1. HP: 14/14 MP: 5/5
     2 | D:1      | Learned a level 1 spell: Shock
    55 | D:1      | Reached skill level 4 in Conjurations
    55 | D:1      | Reached XP level 2. HP: 20/20 MP: 3/6
   173 | D:1      | Learned a level 1 spell: Kiss of Death
   186 | D:1      | Reached XP level 3. HP: 26/26 MP: 5/8
   408 | D:1      | Learned a level 1 spell: Magic Dart
   421 | D:2      | Reached XP level 4. HP: 33/33 MP: 8/10
   422 | D:2      | Found Sogez's General Store.
   428 | D:2      | Reached skill level 5 in Conjurations
   649 | D:3      | Learned a level 4 spell: Fulminant Prism
   843 | D:3      | Reached XP level 5. HP: 11/38 MP: 2/11
   851 | D:3      | Found a broken altar of Ashenzari.
   855 | D:3      | Became a worshipper of Ashenzari the Shackled
   959 | D:4      | Reached skill level 1 in Hexes
  1072 | D:4      | Reached skill level 6 in Conjurations
  1072 | D:4      | Reached XP level 6. HP: 43/45 MP: 1/13
  1092 | D:4      | Noticed an orc warrior
  1094 | D:4      | Killed an orc warrior
  1226 | D:4      | Reached XP level 7. HP: 47/48 MP: 10/15
  1263 | D:4      | Reached skill level 7 in Conjurations
  1300 | D:5      | Entered Level 5 of the Dungeon
  1359 | D:5      | Reached skill level 5 in Spellcasting
  1416 | D:5      | Reached XP level 8. HP: 57/57 MP: 1/16
  1417 | D:5      | Noticed a vampire
  1432 | D:4      | Slain by a vampire

Illustrated notes

Levels and vault maps discovered:
D:1:      shiori_shiawase, layout_basic, minmay_tromino_v2
D:2:      layout_loops_corners, serial_shops, nicolae_shop_waterfront,
          minmay_tree_intersection
D:3:      layout_loops_corners, nicolae_ashenzari_skybound,
          gammafunk_ghost_grave
D:4:      layout_loops_ring, guppyfry_early_orc_mine
D:5:      layout_rooms, grunt_temple_overflow_diamond

Skill      XL: |  1  2  3  4  5  6  7 |
---------------+----------------------+-----
Conjurations   | 4 5 6 7 |  7.5
Spellcasting   | 3 4 5 |  5.3
Hexes          | 1 2 4 |  4.3
Throwing       | |  1.2
Armour         | |  1.2
Stealth        | |  1.0
Necromancy     | |  2.1

Action                   |  1- 3 |  4- 6 |  7- 9 || total
-------------------------+-------+-------+-------++-------
Melee: Dagger            |     4 |       |       ||     4
       War axe           |       |    14 |     9 ||    23
 Cast: Shock             |    47 |     6 |     8 ||    61
       Magic Dart        |     3 |    73 |    32 ||   108
       Kiss of Death     |       |     2 |       ||     2
       Fulminant Prism   |       |       |     4 ||     4
Invok: Curse Item        |       |       |     1 ||     1
Evoke: Wand              |       |       |     6 ||     6
  Use: Scroll            |     2 |     4 |     1 ||     7
Armor: Robe              |     5 |     3 |     3 ||    11
Dodge: Dodged            |     6 |    10 |     8 ||    24

Table legend: (Time is in decaauts)
 A = Elapsed time spent in this place.
 B = Non-inter-level travel time spent in this place.
 C = Inter-level travel time spent in this place.
 D = Time resting spent in this place.
 E = Time spent auto-exploring this place.
 F = Levels seen in this place.
 G = Mean time per level.
                   A        B        C        D        E       F      G
               +--------+--------+--------+--------+--------+-----+--------+
         Total |   1444 |   1424 |     20 |      0 |    863 |   5 |  288.8 |
       Dungeon |   1444 |   1424 |     20 |      0 |    863 |   5 |  288.8 |
               +--------+--------+--------+--------+--------+-----+--------+

Top non-repeatable levels by time:
     D:3: 389 daAuts
     D:4: 372 daAuts
     D:2: 297 daAuts
     D:1: 269 daAuts
     D:5: 116 daAuts
